HSSL
OTSEGO HS BULLDOGS @ BISHOP GORMAN HS BALBASAURS
04/22/2030
 
TOP OF THE 1ST
Otsego HS Bulldogs batting - Pitching for Bishop Gorman HS Balbasaurs : RHP Javier Gonzáles
Pitching: RHP Javier Gonzáles
Batting: RHB David Sheehan 0-0: Ball
1-0: Called Strike
1-1: Ball
2-1: Foul Ball, location: 2F
2-2: Ground out 5-3 (Groundball, 56)
Batting: RHB Jack Díaz 0-0: Ball
1-0: Ball
2-0: Called Strike
2-1: Ball
3-1: Base on Balls
Batting: RHB Ray Martin 0-0: DOUBLE (Line Drive, 78D)
Jack Díaz to third
Batting: SHB Keith Novak 0-0: Ball
1-0: Ball
2-0: Ground out 4-3 (Groundball, 4)
Jack Díaz scores
Ray Martin to third
Batting: RHB Jesse Wood 0-0: Ground out 6-3 (Groundball, 6)
Top of the 1st over - 1 run, 1 hit, 0 errors, 1 left on base; Otsego HS 1 - Bishop Gorman HS 0
BOTTOM OF THE 1ST
Bishop Gorman HS Balbasaurs batting - Pitching for Otsego HS Bulldogs : LHP Lloyd Martin
Pitching: LHP Lloyd Martin
Batting: RHB Lynwood Bryant 0-0: Ball
1-0: Foul Ball, location: 2F
1-1: Swinging Strike
1-2: Ball
2-2: Ground out 6-3 (Groundball, 6)
Batting: RHB Júlio García 0-0: Ball
1-0: Called Strike
1-1: Swinging Strike
1-2: Ball
2-2: SOLO HOME RUN (Flyball, 9LD), Distance : 350 ft
Batting: RHB Valentín Martínez 0-0: Ball
1-0: Called Strike
1-1: Foul Ball, location: 2F
1-2: Ball
2-2: Strikes out swinging
Batting: LHB Daniel Smith 0-0: SINGLE (Flyball, 89S)
Batting: SHB Cisco Moreno 0-0: Ball
1-0: Fly out, F8 (Flyball, 8LM)
Bottom of the 1st over - 1 run, 2 hits, 0 errors, 1 left on base; Otsego HS 1 - Bishop Gorman HS 1
TOP OF THE 2ND
Otsego HS Bulldogs batting - Pitching for Bishop Gorman HS Balbasaurs : RHP Javier Gonzáles
Batting: RHB Pedro Estrada 0-0: Called Strike
0-1: Ball
1-1: Called Strike
1-2: Foul Ball, location: 2F
1-2: Foul Ball, location: 2F
1-2: Strikes out looking
Batting: RHB Bruce Davis 0-0: Called Strike
0-1: Foul Ball, location: 2F
0-2: Ball
1-2: Foul Ball, location: 2F
1-2: Ball
2-2: Foul Ball, location: 2F
2-2: Foul Ball, location: 2F
2-2: Fly out, F9 (Line Drive, 9)
Batting: RHB Curt Pierson 0-0: Called Strike
0-1: Ball
1-1: Ball
2-1: Ball
3-1: Called Strike
3-2: Fly out, F4 (Popup, 4)
Top of the 2nd over - 0 runs, 0 hits, 0 errors, 0 left on base; Otsego HS 1 - Bishop Gorman HS 1
BOTTOM OF THE 2ND
Bishop Gorman HS Balbasaurs batting - Pitching for Otsego HS Bulldogs : LHP Lloyd Martin
Batting: RHB Alan Stephens 0-0: Ball
1-0: Swinging Strike
1-1: Ball
2-1: Ball
3-1: SINGLE (Groundball, 6MD)
Batting: RHB John Miller 0-0: Ball
1-0: Called Strike
1-1: Called Strike
1-2: Strikes out swinging
Batting: RHB William Young 0-0: DOUBLE (Line Drive, 7LS)
Alan Stephens to third
Batting: LHB Michel Gélinas 0-0: Ball
1-0: Foul Ball, location: 2F
1-1: Ball
2-1: Swinging Strike
2-2: Strikes out looking
Batting: RHB Lynwood Bryant 0-0: Foul Ball, location: 2F
0-1: SINGLE (Groundball, 56S) (infield hit)
Alan Stephens scores
William Young to third
Batting: RHB Júlio García 0-0: Ball
1-0: SINGLE (Groundball, 56D)
William Young scores
Lynwood Bryant to second
Batting: RHB Valentín Martínez 0-0: Fly out, F5 (Line Drive, 56)
Bottom of the 2nd over - 2 runs, 4 hits, 0 errors, 2 left on base; Otsego HS 1 - Bishop Gorman HS 3
TOP OF THE 3RD
Otsego HS Bulldogs batting - Pitching for Bishop Gorman HS Balbasaurs : RHP Javier Gonzáles
Batting: RHB Pancho Herrera 0-0: Hit by Pitch
Batting: RHB David Sheehan 0-0: Swinging Strike
0-1: Reached on error, E5 (Groundball, 5)
Pancho Herrera to second
Batting: RHB Jack Díaz 0-0: Ball
1-0: Swinging Strike
1-1: Swinging Strike
1-2: Fielders Choice at 2nd, 6-4 (Groundball, 6)
Pancho Herrera to third
Batting: RHB Ray Martin 0-0: Hit by Pitch
Jack Díaz to second
Batting: SHB Keith Novak 0-0: Called Strike
0-1: Called Strike
0-2: Ball
1-2: Foul Ball, location: 2F
1-2: Ball
2-2: Ball
3-2: Base on Balls
Pancho Herrera scores
Jack Díaz to third
Ray Martin to second
Batting: RHB Jesse Wood 0-0: Called Strike
0-1: Foul Ball, location: 2F
0-2: Ball
1-2: Ball
2-2: Ball
3-2: Fly out, F8 (Flyball, 89D)
Runner from 3rd tags up, SCORES, no throw
Batting: RHB Pedro Estrada 0-0: Swinging Strike
0-1: Foul Ball, location: 2F
0-2: Foul Ball, location: 2F
0-2: Strikes out swinging
Top of the 3rd over - 2 runs, 0 hits, 1 error, 2 left on base; Otsego HS 3 - Bishop Gorman HS 3
BOTTOM OF THE 3RD
Bishop Gorman HS Balbasaurs batting - Pitching for Otsego HS Bulldogs : LHP Lloyd Martin
Batting: LHB Daniel Smith 0-0: Called Strike
0-1: Ball
1-1: Foul Ball, location: 2F
1-2: Ball
2-2: SINGLE (Line Drive, 8LS)
Batting: SHB Cisco Moreno 0-0: Foul Ball, location: 2F
0-1: Ball
1-1: Ball
2-1: Ball
3-1: Base on Balls
Daniel Smith to second
Batting: RHB Alan Stephens 0-0: Called Strike
0-1: Ball
1-1: Foul Ball, location: 2F
1-2: Ball
2-2: Fly out, F9 (Flyball, 9LM)
Runner from 2nd tags up, SAFE at 3rd with throw
Batting: RHB John Miller 0-0: Foul Ball, location: 2F
0-1: Ball
1-1: Ball
2-1: Called Strike
2-2: Foul Ball, location: 2F
2-2: Strikes out swinging
Batting: RHB William Young 0-0: Foul Ball, location: 2F
0-1: Called Strike
0-2: Ball
1-2: Fly out, F9 (Line Drive, 9D)
Bottom of the 3rd over - 0 runs, 1 hit, 0 errors, 2 left on base; Otsego HS 3 - Bishop Gorman HS 3
TOP OF THE 4TH
Otsego HS Bulldogs batting - Pitching for Bishop Gorman HS Balbasaurs : RHP Javier Gonzáles
Batting: RHB Bruce Davis 0-0: Foul Ball, location: 2F
0-1: Ball
1-1: Foul Ball, location: 2F
1-2: Foul Ball, location: 2F
1-2: Foul Ball, location: 2F
1-2: Ball
2-2: Strikes out swinging
Batting: RHB Curt Pierson 0-0: SINGLE (Flyball, 4MD)
Batting: RHB Pancho Herrera 0-0: Called Strike
0-1: Foul Ball, location: 2F
0-2: Ball
1-2: Strikes out swinging
Batting: RHB David Sheehan 0-0: Called Strike
0-1: Ball
1-1: Ball
2-1: Swinging Strike
2-2: Foul Ball, location: 2F
2-2: Ball
3-2: Foul Ball, location: 2F
3-2: SINGLE (Groundball, 6MD)
Curt Pierson to second
Curt Pierson to third
Pitching: RHP Jeff Martin
Batting: RHB Jack Díaz 0-0: Foul Ball, location: 2F
0-1: Ball
1-1: Ball
2-1: Foul Ball, location: 2F
2-2: Foul Ball, location: 2F
2-2: Ball
3-2: Ground out 6-3 (Groundball, 6)
Top of the 4th over - 0 runs, 2 hits, 0 errors, 2 left on base; Otsego HS 3 - Bishop Gorman HS 3
BOTTOM OF THE 4TH
Bishop Gorman HS Balbasaurs batting - Pitching for Otsego HS Bulldogs : LHP Lloyd Martin
Batting: LHB Michel Gélinas 0-0: Ground out U3 (Groundball, 3)
Batting: RHB Lynwood Bryant 0-0: Called Strike
0-1: SINGLE (Groundball, 6MD)
Batting: RHB Júlio García 0-0: Called Strike
0-1: Swinging Strike
0-2: Foul Ball, location: 2F
0-2: Grounds into double play, 6-4-3 (Groundball, 6)
Bottom of the 4th over - 0 runs, 1 hit, 0 errors, 0 left on base; Otsego HS 3 - Bishop Gorman HS 3
TOP OF THE 5TH
Otsego HS Bulldogs batting - Pitching for Bishop Gorman HS Balbasaurs : RHP Jeff Martin
Batting: RHB Ray Martin 0-0: Ball
1-0: Called Strike
1-1: Ball
2-1: SINGLE (Groundball, 6MD)
Batting: SHB Keith Novak 0-0: Ball
1-0: Ball
2-0: Ball
3-0: Called Strike
3-1: Swinging Strike
3-2: Foul Ball, location: 2F
3-2: Strikes out looking
Batting: RHB Jesse Wood 0-0: Called Strike
0-1: Ball
1-1: Ball
2-1: Ball
3-1: Base on Balls
Ray Martin to second
Batting: RHB Pedro Estrada 0-0: Ball
1-0: Called Strike
1-1: Foul Ball, location: 2F
1-2: Foul Ball, location: 2F
1-2: Ball
2-2: Foul Ball, location: 2F
2-2: Strikes out swinging
Batting: RHB Bruce Davis 0-0: Ball
1-0: Foul Ball, location: 2F
1-1: SINGLE (Line Drive, 34)
Ray Martin to third
Jesse Wood to second
Runner from 3rd tries for Home, SAFE, no throw
Batting: RHB Curt Pierson 0-0: Called Strike
0-1: Foul Ball, location: 2F
0-2: Ball
1-2: Foul Ball, location: 2F
1-2: Ball
2-2: Fly out, F9 (Flyball, 89D)
Top of the 5th over - 1 run, 2 hits, 0 errors, 2 left on base; Otsego HS 4 - Bishop Gorman HS 3
BOTTOM OF THE 5TH
Bishop Gorman HS Balbasaurs batting - Pitching for Otsego HS Bulldogs : LHP Lloyd Martin
Batting: RHB Valentín Martínez 0-0: Ball
1-0: Called Strike
1-1: Foul Ball, location: 2F
1-2: Ball
2-2: Foul Ball, location: 2F
2-2: Ball
3-2: SINGLE (Flyball, 78S)
Batting: LHB Daniel Smith 0-0: Ball
1-0: Ball
2-0: Called Strike
2-1: Ball
3-1: Base on Balls
Valentín Martínez to second
Pitching: LHP Harry Janes
Batting: SHB Cisco Moreno 0-0: Called Strike
0-1: Ball
1-1: Ball
2-1: Called Strike
2-2: Strikes out looking
Batting: RHB Alan Stephens 0-0: TRIPLE (Line Drive, 9LD)
Valentín Martínez scores
Daniel Smith scores
Batting: RHB John Miller 0-0: Ball
1-0: DOUBLE (Flyball, 78D)
Alan Stephens scores
Batting: RHB William Young 0-0: Ball
1-0: Ball
2-0: Called Strike
2-1: Ball
3-1: Base on Balls
Batting: LHB Michel Gélinas 0-0: Fly out, F7 (Flyball, 7S)
Batting: RHB Lynwood Bryant 0-0: Called Strike
0-1: Ball
1-1: Swinging Strike
1-2: Foul Ball, location: 2F
1-2: Foul Ball, location: 2F
1-2: SINGLE (Line Drive, 56)
John Miller to third
William Young to second
Runner from 3rd tries for Home, SAFE, no throw
Batting: RHB Júlio García 0-0: Ground out 1-3 (Groundball, 13S)
Bottom of the 5th over - 4 runs, 4 hits, 0 errors, 2 left on base; Otsego HS 4 - Bishop Gorman HS 7
TOP OF THE 6TH
Otsego HS Bulldogs batting - Pitching for Bishop Gorman HS Balbasaurs : RHP Jeff Martin
Batting: RHB Pancho Herrera 0-0: Ball
1-0: Ball
2-0: Foul Ball, location: 2F
2-1: Fly out, F2 (Popup, 23F)
Batting: RHB David Sheehan 0-0: Ball
1-0: Called Strike
1-1: Ball
2-1: Ground out 1-3 (Groundball, P)
Batting: RHB Jack Díaz 0-0: Ground out 6-3 (Groundball, 6)
Top of the 6th over - 0 runs, 0 hits, 0 errors, 0 left on base; Otsego HS 4 - Bishop Gorman HS 7
BOTTOM OF THE 6TH
Bishop Gorman HS Balbasaurs batting - Pitching for Otsego HS Bulldogs : LHP Harry Janes
Batting: RHB Valentín Martínez 0-0: Ball
1-0: Ball
2-0: Called Strike
2-1: Reached on error, E5 (Groundball, 56)
Batting: LHB Daniel Smith 0-0: Ball
1-0: Ball
2-0: Fly out, F6 (Popup, 6M)
Batting: SHB Cisco Moreno 0-0: Ball
1-0: Ball
2-0: Fly out, F7 (Flyball, 78M)
Batting: RHB Alan Stephens 0-0: Ball
1-0: Reached on error, E4 (Groundball, 4)
Valentín Martínez scores
Batting: RHB John Miller 0-0: Called Strike
0-1: Ball
1-1: Called Strike
1-2: Fly out, F9 (Flyball, 89S)
Bottom of the 6th over - 1 run, 0 hits, 2 errors, 1 left on base; Otsego HS 4 - Bishop Gorman HS 8
TOP OF THE 7TH
Otsego HS Bulldogs batting - Pitching for Bishop Gorman HS Balbasaurs : RHP Jeff Martin
Batting: RHB Ray Martin 0-0: Ball
1-0: Fly out, F8 (Flyball, 8RD)
Batting: SHB Keith Novak 0-0: Ball
1-0: Ball
2-0: SINGLE (Line Drive, 56D)
Batting: RHB Jesse Wood 0-0: Called Strike
0-1: Ball
1-1: Swinging Strike
1-2: Fly out, F9 (Line Drive, 89D)
Batting: RHB Pedro Estrada 0-0: Ball
1-0: Ball
2-0: Foul Ball, location: 2F
2-1: SINGLE (Line Drive, 6MD)
Keith Novak to second
Batting: RHB Bruce Davis 0-0: Ball
1-0: Ball
2-0: Foul Ball, location: 2F
2-1: Foul Ball, location: 2F
2-2: DOUBLE (Line Drive, 78D)
Keith Novak scores
Pedro Estrada to third
Runner from 3rd tries for Home, SAFE, no throw
Pitching: RHP Max Marsh
Pinch Runner at 2nd Armando Gonzáles:
Batting: RHB Curt Pierson 0-0: Fly out, F3 (Popup, 3S)
Top of the 7th over - 2 runs, 3 hits, 0 errors, 1 left on base; Otsego HS 6 - Bishop Gorman HS 8
BOTTOM OF THE 7TH
Bishop Gorman HS Balbasaurs batting - Pitching for Otsego HS Bulldogs : LHP Harry Janes
Pitching: LHP Domingo Medina
Now at 2B: Armando Gonzáles
Batting: RHB William Young 0-0: Ball
1-0: Ball
2-0: Swinging Strike
2-1: Ball
3-1: Base on Balls
Batting: LHB Michel Gélinas 0-0: Bunted foul
0-1: Bunted foul
0-2: Foul Ball, location: 2F
0-2: Strikes out swinging
Batting: RHB Lynwood Bryant 0-0: Foul Ball, location: 2F
0-1: Ball
1-1: Ball
2-1: Foul Ball, location: 2F
2-2: Foul Ball, location: 2F
2-2: Foul Ball, location: 2F
2-2: Ball
3-2: Fly out, F8 (Flyball, 8LD)
Batting: RHB Júlio García 0-0: Ball
1-0: Called Strike
1-1: Foul Ball, location: 2F
1-2: Ball
2-2: Strikes out swinging
Bottom of the 7th over - 0 runs, 0 hits, 0 errors, 1 left on base; Otsego HS 6 - Bishop Gorman HS 8
TOP OF THE 8TH
Otsego HS Bulldogs batting - Pitching for Bishop Gorman HS Balbasaurs : RHP Max Marsh
Batting: RHB Pancho Herrera 0-0: Called Strike
0-1: Ball
1-1: Ground out 1-3 (Groundball, 15S)
Batting: RHB David Sheehan 0-0: Ball
1-0: Ball
2-0: Ball
3-0: Called Strike
3-1: Foul Ball, location: 2F
3-2: SINGLE (Line Drive, 7S)
Batting: RHB Jack Díaz 0-0: Ball
1-0: Called Strike
1-1: Ball
2-1: Ground out 6-3 (Groundball, 6S)
David Sheehan to second
Batting: RHB Ray Martin 0-0: Foul Ball, location: 2F
0-1: Called Strike
0-2: Foul Ball, location: 2F
0-2: Strikes out looking
Top of the 8th over - 0 runs, 1 hit, 0 errors, 1 left on base; Otsego HS 6 - Bishop Gorman HS 8
BOTTOM OF THE 8TH
Bishop Gorman HS Balbasaurs batting - Pitching for Otsego HS Bulldogs : LHP Domingo Medina
Batting: RHB Valentín Martínez 0-0: Ball
1-0: Ground out 6-3 (Groundball, 6)
Batting: LHB Daniel Smith 0-0: Ball
1-0: Ground out 1-3 (Groundball, 13S)
Batting: SHB Cisco Moreno 0-0: Swinging Strike
0-1: Foul Ball, location: 2F
0-2: Strikes out looking
Bottom of the 8th over - 0 runs, 0 hits, 0 errors, 0 left on base; Otsego HS 6 - Bishop Gorman HS 8
TOP OF THE 9TH
Otsego HS Bulldogs batting - Pitching for Bishop Gorman HS Balbasaurs : RHP Max Marsh
Batting: SHB Keith Novak 0-0: Called Strike
0-1: Ball
1-1: Swinging Strike
1-2: Foul Ball, location: 2F
1-2: Ball
2-2: Strikes out swinging
Batting: RHB Jesse Wood 0-0: Ball
1-0: Ball
2-0: Ball
3-0: Base on Balls
Batting: RHB Pedro Estrada 0-0: Ball
1-0: Called Strike
1-1: Called Strike
1-2: Ball
2-2: Foul Ball, location: 2F
2-2: 2-RUN HOME RUN (Flyball, 7D), Distance : 388 ft
Pitching: RHP Steve Brown
Batting: RHB Armando Gonzáles 0-0: Ball
1-0: Ground out 4-3 (Groundball, 4)
Batting: RHB Curt Pierson 0-0: Ball
1-0: Foul Ball, location: 2F
1-1: Single, Error in OF, E7, batter to second base
Batting: RHB Pancho Herrera 0-0: Swinging Strike
0-1: Ball
1-1: Foul Ball, location: 2F
1-2: Strikes out swinging
Top of the 9th over - 2 runs, 2 hits, 1 error, 1 left on base; Otsego HS 8 - Bishop Gorman HS 8
BOTTOM OF THE 9TH
Bishop Gorman HS Balbasaurs batting - Pitching for Otsego HS Bulldogs : LHP Domingo Medina
Batting: RHB Alan Stephens 0-0: Ball
1-0: Foul Ball, location: 2F
1-1: Ball
2-1: Called Strike
2-2: Ball
3-2: Strikes out looking
Batting: RHB John Miller 0-0: Ball
1-0: Ball
2-0: Ball
3-0: Called Strike
3-1: DOUBLE (Line Drive, 78D)
Batting: RHB William Young 0-0: Intentional Walk
Pinch Hitting: RHB Michael Sanford 0-0: Ball
1-0: Called Strike
1-1: Ball
2-1: Swinging Strike
2-2: 3-RUN HOME RUN (Line Drive, 78XD), Distance : 426 ft
Saturday, April 7th, 2018 - OOTP Baseball 18.8 Build 76